 Dungeon Crawl Stone Soup version 0.25-a0-651-g8c222c7a2b (webtiles) character file.

Game seed: 11074864890608043128, levelgen mode: deterministic

367 Kohma the Cutter (level 6, -6/48 HPs)
             Began as a Demonspawn Ice Elementalist on Mar 22, 2020.
             Killed by nerve-wracking pain
             ... invoked by Grinder
              (14 damage)
             ... on level 3 of the Dungeon.
             The game lasted 00:10:25 (4095 turns).

Kohma the Cutter (Demonspawn Ice Elementalist)      Turns: 4095, Time: 00:10:26

Health: -6/48      AC:  6    Str:  9    XL:     6   Next: 41%
Magic:  0/9        EV: 12    Int: 18    God:
Gold:   108        SH:  0    Dex: 13    Spells: 5/9 levels left

rFire    . . .     SeeInvis .   h - +0 dagger
rCold    . . .     Gourm    .   (no shield)
rNeg     . . .     Faith    .   a - +0 robe
rPois    .         Spirit   .   e - +2 hat
rElec    .         Reflect  .   (no cloak)
rCorr    .         Harm     .   (no gloves)
MR       .....                  u - +0 pair of boots
Stlth    ++........             (no amulet)
HPRegen  0.16/turn              (no ring)
MPRegen  0.11/turn              (no ring)

@: very slightly contaminated
A: rugged brown scales 1
a: no special abilities


You were on level 3 of the Dungeon.
You were hungry.

You visited 1 branch of the dungeon, and saw 3 of its levels.

You collected 108 gold pieces.

Inventory:

Hand Weapons
 h - a +0 dagger (weapon)
Missiles
 d - 16 poisoned darts (quivered)
 f - 146 stones
 j - 2 atropa-tipped darts
Armour
 a - a +0 robe (worn)
 e - a +2 hat (worn)
 u - a +0 pair of boots (worn)
Jewellery
 b - a +6 ring of intelligence {unknown}
Scrolls
 i - 2 scrolls of identify {unknown}
 l - a scroll of blinking {unknown}
 n - a scroll of teleportation {unknown}
 o - a scroll of remove curse {unknown}
 q - a scroll of random uselessness {unknown}
 r - a scroll of amnesia {unknown}
 s - a scroll of enchant weapon {unknown}
Potions
 g - a potion of haste {unknown}
 k - 2 potions of stabbing {unknown}
 m - a potion of might {unknown}
Comestibles
 c - 2 rations
 p - a chunk of flesh


   Skills:
 - Level 3.0 Fighting
 + Level 4.1 Short Blades
 - Level 1.8 Dodging
 - Level 3.0 Stealth
 - Level 2.0 Spellcasting
 - Level 4.0 Ice Magic


You had 5 spell levels left.
You knew the following spells:

 Your Spells              Type           Power        Failure   Level  Hunger
a - Freeze                Ice            ###.         3%          1    #......
b - Frozen Ramparts       Ice            ###...       11%         3    ###....

Your spell library contained the following spells:

 Spells                   Type           Power        Failure   Level  Hunger
 Ozocubu's Armour         Chrm/Ice       #.......     24%         3    ###....
 Hailstorm                Conj/Ice       #.......     61%         4    #####..
 Summon Ice Beast         Ice/Summ       #.......     61%         4    #####..


Dungeon Overview and Level Annotations

Branches:
Dungeon (3/15)

Altars:
Ashenzari
Elyvilon
Hepliaklqana
Nemelex Xobeh

Annotations:
D:3 Grinder


Innate Abilities, Weirdness & Mutations

You are partially covered in rugged brown scales. (AC +1, +3% HP)


Message History

Throwing (i - inventory. (/) - cycle)
t - a throwing net (quivered)
Press: ? - help, Shift-Dir - straight line, f/p - Grinder
Aim: Grinder (heavily wounded)
You throw a throwing net.
The throwing net closely misses Grinder.
Grinder closely misses you.
Casting: Freeze (safe; 3% risk of failure)
Confirm with . or Enter, or press ? or * to list all spells.
You don't have enough magic to cast that spell.
Casting: Freeze (safe; 3% risk of failure)
Confirm with . or Enter, or press ? or * to list all spells.
You miscast Frozen Ramparts.
You are very lightly contaminated with residual magic.
You shiver with cold.
Grinder closely misses you.
Casting: Frozen Ramparts (safe; 11% risk of failure)
Confirm with . or Enter, or press ? or * to list all spells.
You don't have enough magic to cast that spell.
Grinder gestures at you. Pain shoots through your body!
You die...

#.# # #. #.# # #. #.# ##'#
####.####### ##...#
#.........(#
##.....##.##.).....#
#.......#5####.....# ##
..........###...#.########.
..........@.......>........
................#.########.
#.......######.##.# #..
##.....## ####.# #.. ##...#
#.# #.. ##'# ###.# #.. #.
#...# #.. #. #.### #.#
##.####### #.# #..


You could see Grinder.

Vanquished Creatures
  Sigmund (D:3)
  2 orc priests (D:3)
  An orc wizard (D:3)
  A worker ant (D:2)
  3 adders
  2 worms
  9 orcs (D:3)
  A giant cockroach (D:2)
  5 goblins
  10 hobgoblins
  6 jackals
  2 quokkas
  8 bats
  A frilled lizard (D:1)
  8 kobolds
  14 rats
74 creatures vanquished.

Notes
Turn   | Place    | Note
-------+----------+-------------------------------------------
     0 | D:1      | Kohma the Demonspawn Ice Elementalist began the quest for
                  | the Orb.
     0 | D:1      | Reached XP level 1. HP: 13/13 MP: 3/3
   363 | D:1      | Gained mutation: You are partially covered in rugged brown
                  | scales. (AC +1, +3% HP) [demonic ancestry]
   363 | D:1      | Reached XP level 2. HP: 8/20 MP: 3/5
   779 | D:1      | Reached skill level 1 in Fighting
  1338 | D:1      | Found a sparkling altar of Nemelex Xobeh.
  1345 | D:1      | Reached XP level 3. HP: 25/26 MP: 3/6
  1666 | D:1      | Learned a level 3 spell: Frozen Ramparts
  2194 | D:2      | Found a white marble altar of Elyvilon.
  2453 | D:2      | Found a shattered altar of Ashenzari.
  2480 | D:2      | Reached XP level 4. HP: 21/33 MP: 7/7
  2915 | D:2      | Found a hazy altar of Hepliaklqana.
  3050 | D:3      | Reached skill level 1 in Short Blades
  3110 | D:3      | Reached XP level 5. HP: 29/41 MP: 3/8
  3884 | D:3      | Noticed Sigmund
  3902 | D:3      | Killed Sigmund
  3902 | D:3      | Reached XP level 6. HP: 42/48 MP: 0/9
  4041 | D:3      | Noticed Grinder
  4045 | D:3      | Paralysed by Grinder for 6 turns
  4095 | D:3      | Killed from afar by Grinder

Levels and vault maps discovered:
D:1:      erik_arrival_orb_chamber, layout_loops_ring,
          nemelex_xobeh_ov_fountains_minmay
D:2:      layout_basic, elyvilon_altar_5, marbit_many_paths,
          evilmike_ruin_ashenzari
D:3:      layout_loops_corners, uniq_sigmund, uniq_grinder,
          uniq_crazy_yiuf_cottage

Skill      XL: |  1  2  3  4  5 |
---------------+----------------+-----
Stealth        | 2 3 |  3.0
Fighting       | 1 2 3 |  3.0
Ice Magic      | 4 |  4.0
Short Blades   | 1 4 |  4.1
Dodging        | |  1.8
Spellcasting   | |  2.0

Action                   |  1- 3 |  4- 6 || total
-------------------------+-------+-------++-------
Melee: Dagger            |    51 |    83 ||   134
       Club              |    17 |       ||    17
Throw: Stone             |     8 |       ||     8
       Dart              |       |     7 ||     7
       Throwing net      |       |     2 ||     2
 Cast: Freeze            |    45 |     9 ||    54
       Frozen Ramparts   |     8 |    25 ||    33
  Use: Potion            |     1 |       ||     1
 Stab: Sleeping          |     1 |       ||     1
  Eat: Chunk             |     5 |     6 ||    11
       Ration            |       |     1 ||     1
Armor: Robe              |    35 |    21 ||    56
Dodge: Dodged            |    69 |    55 ||   124

Table legend:
 A = Non-vault XP
 B = Vault XP
 C = Vault XP percentage of total XP
 D = Non-vault monster count
 E = Vault monster count
 F = Vault count percentage of total count
                 A         B        C        D         E       F
            +---------+---------+-------+---------+---------+-------
      Total |     300 |     225 |  42.9 |      60 |      14 |  18.9
            +---------+---------+-------+---------+---------+-------
        D:1 |      30 |      12 |  28.6 |      18 |      12 |  40.0
        D:2 |      78 |       1 |   1.3 |      14 |       1 |   6.7
        D:3 |     192 |     212 |  52.5 |      28 |       1 |   3.4
            +---------+---------+-------+---------+---------+-------
